 Dungeon Crawl Stone Soup version 0.16.1-51-g6203257 (webtiles) character file.

244 Miyamura the Slasher (level 5, 0/47 HPs)
             Began as a Draconian Chaos Knight on Aug 8, 2015.
             Slain by Grinder (6 damage)
             ... on level 3 of the Dungeon.
             The game lasted 00:10:04 (2679 turns).

Miyamura the Slasher (Draconian Chaos Knight)       Turns: 2679, Time: 00:10:07

Health: 0/47       AC:  5    Str: 15    XL:     5   Next: 83%
Magic:  5/5        EV: 13    Int: 12    God:    Xom [......]
Gold:   217        SH:  0    Dex: 11    Spells: 0 memorised, 4 levels left

rFire  . . .     SeeInvis +     a - +0 falchion (chaos)
rCold  + . .     Rnd*Rage +     (armour unavailable)
rNeg   . . .     SustAb   .     (no shield)
rPois  .         Gourm    .     (helmet restricted)
rElec  .         Spirit   .     (no cloak)
rCorr  .         Warding  .     (no gloves)
rMut   .         Stasis   .     (no boots)
MR     .....                    (no amulet)
Stlth  +.........               j - ring of protection from cold
                                g - ring of see invisible

@: about to teleport, not resistant to hostile enchantments, very unstealthy
A: unfitting armour, berserk 1, blurry vision 1, cold-blooded, AC +5
a: Renounce Religion


You were on level 3 of the Dungeon.
You worshipped Xom.
You were a very special plaything of Xom.
You were not hungry.

You visited 1 branch of the dungeon, and saw 3 of its levels.

You collected 217 gold pieces.

Inventory:

Hand weapons
 a - a +0 falchion of chaos (weapon)
Missiles
 d - a throwing net (quivered)
 m - 5 tomahawks
Jewellery
 b - an uncursed amulet of stasis
 g - a ring of see invisible (left hand)
 j - a ring of protection from cold (right hand)
Magical devices
 p - a wand of hasting (3)
Scrolls
 e - a scroll of amnesia
 f - 3 scrolls of identify
 h - 2 scrolls of teleportation
Comestibles
 c - 3 bread rations
 i - 5 beef jerkies
 k - a meat ration


   Skills:
 + Level 4.5 Fighting
 + Level 4.7 Long Blades
 + Level 3.8 Dodging


You had 4 spell levels left.
You didn't know any spells.

Dungeon Overview and Level Annotations

Branches:
Dungeon (3/15)

Altars:
Nemelex Xobeh

Annotations:
D:3 Grinder


Innate Abilities, Weirdness & Mutations

Your plain brown scales are hard (AC +5).
Your body does not fit into most forms of armour.
Your cold-blooded metabolism reacts poorly to cold.
You tend to lose your temper in combat.
Scrolls take you a little longer to read.


Message History

Remove which piece of jewellery? (? for menu, Esc to quit)
You remove your amulet of stasis.
The giant cockroach completely misses you.
Read which item? (? for menu, Esc to quit)
The giant cockroach barely misses you. Grinder gestures at you.
Pain shoots through your body!
* * * LOW HITPOINT WARNING * * *
You begin reading the scroll.
You continue reading the scroll.
The giant cockroach bites you but does no damage.
Grinder closely misses you.
As you read the scroll of teleportation, it crumbles to dust.
You feel strangely unstable.
You hit the giant cockroach.
The giant cockroach is severely wounded.
The giant cockroach misses you. Grinder hits you!
* * * LOW HITPOINT WARNING * * *
You writhe in agony.
You die...
Xom titters!

#.# #.# #.# #.# #.#
#.# # ##.####### #.#
#.##.....)..## ##.##
#......###<..## #...#
####†..#......# #...#
##.##.#...<######...#
#.##.##...s@5...##.#
####.##
###.###...##.# #....#
###)###......# #.####
#.....5...#### #.#
#.#.###...# #.#
.....# #...# #.#
###.### #...# #.# ...
#..... #.# #.#
#......


You could see Grinder and a giant cockroach.

Vanquished Creatures
  An orc wizard (D:3)
  4 adders
  2 worms
  2 giant geckos
  An ooze (D:2)
  4 orcs (D:3)
  10 bats
  4 giant cockroaches
  14 goblins
  11 hobgoblins
  A quokka (D:2)
  2 ball pythons
  4 giant newts
  11 kobolds
  4 rats
75 creatures vanquished.

Vanquished Creatures (collateral kills)
  An ice beast (shapeshifter) (D:2)
1 creature vanquished.

Grand Total: 76 creatures vanquished

Notes
Turn   | Place    | Note
--------------------------------------------------------------
     0 | D:1      | Miyamura, the Draconian Chaos Knight, began the quest for the Orb.
     0 | D:1      | Reached XP level 1. HP: 19/19 MP: 1/1
   174 | D:1      | Reached XP level 2. HP: 17/26 MP: 2/2
   556 | D:1      | Found a sparkling altar of Nemelex Xobeh.
   868 | D:1      | XOM: silly message
   985 | D:2      | XOM: confuse monster(s)
   993 | D:2      | Reached XP level 3. HP: 23/31 MP: 3/3
  1021 | D:2      | XOM: mild Conj miscast
  1235 | D:1      | XOM: harmless Chrm miscast
  1457 | D:2      | Noticed a water moccasin
  1457 | D:2      | XOM: chaos cloud
  1458 | D:2      | Noticed an ice beast
  1458 | D:2      | a water moccasin changed into an ice beast
  1460 | D:2      | XOM: summons friendly iron imp
  1464 | D:2      | XOM: smoke on damage
  1465 | D:2      | Killed an ice beast
  1465 | D:2      | Reached skill level 4 in Fighting
  1465 | D:2      | Reached XP level 4. HP: 27/41 MP: 4/4
  1465 | D:2      | Reached XP level 5. HP: 30/47 MP: 5/5
  1952 | D:3      | XOM: god gift: 44 gold pieces
  2040 | D:3      | XOM: silly message
  2066 | D:3      | XOM: enchant monster (bad)
  2084 | D:3      | XOM: smoke on damage
  2085 | D:3      | XOM: polymorph orc -> goblin
  2398 | D:3      | Noticed Grinder
  2408 | D:3      | XOM: cast spell 'Shadow Creatures'
  2432 | D:2      | Gained mutation: You tend to lose your temper in combat. [mutagenic glow]
  2467 | D:2      | Gained mutation: Scrolls take you a little longer to read. [mutagenic glow]
  2583 | D:3      | XOM: chaos upgrade
  2679 | D:3      | Slain by Grinder

Action                   |  1- 3 |  4- 6 || total
-------------------------+-------+-------++-------
Melee: Falchion          |   128 |   142 ||   270
Evoke: Wand              |       |     1 ||     1
  Use: Scroll            |     6 |     4 ||    10
       Potion            |     3 |     4 ||     7
 Stab: Paralysed         |     6 |       ||     6
       Invisible         |     1 |       ||     1
  Eat: Chunk             |     2 |     5 ||     7
